 Dungeon Crawl Stone Soup version 0.19-b1-4-gd8a0a2a (webtiles) character file.

3821 dvd the Merchant of Misery (level 9, -1/65 HPs)
             Began as a Demonspawn Necromancer on Oct 30, 2016.
             Was a Believer of Kikubaaqudgha.
             Slain by a swamp worm (19 damage)
             ... on level 8 of the Dungeon.
             The game lasted 00:29:00 (7934 turns).

dvd the Merchant of Misery (Demonspawn Necromancer) Turns: 7934, Time: 00:29:01

Health: -1/65      AC: 11    Str: 11 (13) XL:     9   Next: 97%
Magic:  6/20       EV: 13    Int: 20 (21) God:    Kikubaaqudgha [**....]
Gold:   384        SH:  4    Dex: 22 (23) Spells: 5 memorised, 5 levels left

rFire  . . .     SeeInvis .     w - +0 falchion (distort)
rCold  . . .     Gourm    +     L - +3 ring mail of the Lizard {Int+2}
rNeg   . . .     Faith    .     (no shield)
rPois  .         Spirit   .     (no helmet)
rElec  .         Reflect  .     (no cloak)
rCorr  .         Harm     .     G - +2 pair of gloves
MR     +....     NoTele   +     (boots unavailable)
Stlth  ++........               z - amulet of the gourmand
                                O - +5 ring of strength
                                g - ring "Qeog" {-Tele MR+ Dex+8 Slay+5 Stlth+}

@: very slightly contaminated
A: hooves 3, large bone plates 1
a: Receive Corpses, Renounce Religion


You were on level 8 of the Dungeon.
You worshipped Kikubaaqudgha.
Kikubaaqudgha was pleased with you.
You were completely stuffed.

You visited 2 branches of the dungeon, and saw 9 of its levels.
You also visited: Ossuary.

You collected 384 gold pieces.

Inventory:

Hand Weapons
 a - a +5 short sword of electrocution
 r - a +2 dagger of protection
 w - a +0 falchion of distortion (weapon)
 H - a +2 dagger of pain
 I - a +1 dagger of speed
Armour
 G - a +2 pair of gloves (worn)
 L - the +3 ring mail of the Lizard (worn) {Int+2}
   (You found it on level 7 of the Dungeon)

   It affects your intelligence (+2).
Magical Staves
 l - an uncursed staff of cold
Rods
 F - a -2 iron rod (11/15)
   (You found it on level 6 of the Dungeon)
Jewellery
 e - an uncursed ring of stealth
 g - the ring "Qeog" (left hand) {-Tele MR+ Dex+8 Slay+5 Stlth+}
   (You found it on level 8 of the Dungeon)

   [ring of protection from magic]

   It affects your dexterity (+8).
   It affects your accuracy and damage with ranged weapons and melee attacks
   (+5).
   It affects your resistance to hostile enchantments.
   It prevents most forms of teleportation.
   It makes you more stealthy.
 t - an uncursed ring of protection from fire
 u - a +3 ring of protection
 z - an amulet of the gourmand (around neck)
 O - a +5 ring of strength (right hand)
Wands
 v - a wand of flame (16/48)
Scrolls
 h - 8 scrolls of remove curse
 j - a scroll of recharging
 k - 5 scrolls of identify
 n - 2 scrolls of teleportation
 x - a scroll of magic mapping
Potions
 f - 2 potions of brilliance {unknown}
 i - 2 potions of curing
 m - a potion of flight {unknown}
 o - a potion of invisibility {unknown}
 q - 3 potions of cure mutation {unknown}
 s - a potion of haste {unknown}
 J - 2 potions of berserk rage {unknown}
 K - a potion of ambrosia {unknown}
 M - 2 potions of lignification {unknown}
 N - a potion of might {unknown}
 Q - a potion of heal wounds {unknown}
Books
 b - a book of Necromancy

   Spells                             Type                      Level
   a - Pain                           Necromancy                   1
   b - Animate Skeleton               Necromancy                   1
   c - Vampiric Draining              Necromancy                   3
   d - Regeneration                   Charms/Necromancy            3
   e - Animate Dead                   Necromancy                   4
   f - Control Undead                 Necromancy                   4
 A - a book of Beasts

   Spells                             Type                      Level
   a - Summon Butterflies             Summoning                    1
   b - Call Canine Familiar           Summoning                    3
   c - Summon Ice Beast               Ice/Summoning                4
   d - Summon Mana Viper              Hexes/Summoning              5
   e - Summon Hydra                   Summoning                    7
 R - Kikubaaqudgha's Reference Book on Sinister Rituals
   (Kikubaaqudgha gifted it to you on level 7 of the Dungeon)

   Spells                             Type                      Level
   a - Animate Skeleton               Necromancy                   1
   b - Corpse Rot                     Necromancy                   2
   c - Sublimation of Blood           Necromancy                   2
   d - Vampiric Draining              Necromancy                   3
   e - Control Undead                 Necromancy                   4
 S - a book of Flames

   Spells                             Type                      Level
   a - Flame Tongue                   Conjuration/Fire             1
   b - Throw Flame                    Conjuration/Fire             2
   c - Conjure Flame                  Conjuration/Fire             3
   d - Inner Flame                    Hexes/Fire                   3
   e - Sticky Flame                   Conjuration/Fire             4
   f - Fireball                       Conjuration/Fire             5
Comestibles
 c - 6 bread rations
 d - 5 meat rations
 p - 4 fruits
 B - 2 chunks of flesh
 C - 2 beef jerkies


   Skills:
 + Level 4.0 Fighting
 + Level 5.5 Short Blades
 + Level 0.1(3.3) Long Blades
 + Level 1.6 Armour
 + Level 4.3 Dodging
 + Level 2.9 Stealth
 + Level 7.4 Spellcasting
 + Level 1.0 Charms
 + Level 9.2 Necromancy
 + Level 0.2 Evocations


You had 5 spell levels left.
You knew the following spells:

 Your Spells              Type           Power        Failure   Level  Hunger
b - Vampiric Draining     Necr           #####.....   1%          3    #......
c - Animate Dead          Necr           N/A          6%          4    ###....
d - Regeneration          Chrm/Necr      ####......   12%         3    #......
e - Control Undead        Necr           #####.....   6%          4    ###....
f - Call Canine Familiar  Summ           #.......     75%         3    #......


Dungeon Overview and Level Annotations

Branches:
Dungeon (8/15)             Temple (1/1) D:6
   Lair: D:8-11

Altars:
Ashenzari
Cheibriados
Dithmenos
Elyvilon
Fedhas
Gozag
Hepliaklqana
Kikubaaqudgha
Makhleb
Nemelex Xobeh
Okawaru
Qazlal
Ru
Sif Muna
Trog
Uskayaw
Vehumet
Xom
Yredelemnul
Zin
The Shining One

Shops:
D:4 %


Innate Abilities, Weirdness & Mutations

You have hooves in place of feet.
You are partially covered in large bone plates. (SH +4)


Message History

Casting: Vampiric Draining
Confirm with . or Enter, or press ? or * to list all spells.
Aiming: Vampiric Draining
Press: ? - help, Shift-Dir - straight line, f/p - swamp worm
Aim: a swamp worm (moderately wounded)
You miscast Vampiric Draining.
You are very lightly contaminated with residual magic.
Nothing appears to happen.
The swamp worm bites you!
* * * LOW HITPOINT WARNING * * *
Casting: Vampiric Draining
Confirm with . or Enter, or press ? or * to list all spells.
Aiming: Vampiric Draining
Press: ? - help, Shift-Dir - straight line, f/p - swamp worm
Aim: a swamp worm (moderately wounded)
The swamp worm is heavily wounded.
You feel life coursing into your body.
The swamp worm bites you but does no damage.
The swamp worm bites you!!
You die...
Kikubaaqudgha rasps: "You have failed me!
Welcome... death!"

#....... #.####.#
#.# #.# #########
#.# #.#
#≈≈≈≈≈≈≈####.# #.#
≈≈≈≈≈≈≈≈≈≈##.# #.#
≈#######≈)≈#.# #.#
##≈≈≈≈≈#≈≈≈[.# #.#
#w@w≈≈≈≈≈≈≈.)# #.#
##≈≈≈≈≈#≈≈≈#.# #.#
#######≈≈≈#.####.#
≈≈≈≈≈≈≈.........
≈≈≈≈≈...#.#.####
#########.#.# #
#.#.# # #.#.# #
#.#.# #


You could see 2 swamp worms.

Vanquished Creatures
  A hungry ghost (D:8)
  2 swamp worms (D:8)
  The ghost of Stil the Stinger, an amateur SpVM (Ossuary)
  3 orc warriors
  2 ice beasts (D:5)
  4 phantoms
  3 ogres
  A centaur (D:6)
  2 big kobolds (D:8)
  A gnoll sergeant (D:6)
  4 bullfrogs
  6 killer bees (D:8)
  A scorpion (D:7)
  3 howler monkeys (D:8)
  4 centaur zombies
  2 bullfrog zombies (D:5)
  A human zombie (Ossuary)
  4 orc wizards
  4 bullfrog skeletons
  2 orc priests (D:7)
  3 hounds
  A jelly (D:7)
  2 worker ants (D:4)
  3 iguanas
  A big kobold zombie (Ossuary)
  A hound zombie (D:5)
  2 mummies (Ossuary)
  A hound skeleton (D:4)
  4 worker ant zombies
  A howler monkey zombie (D:6)
  11 gnolls
  2 howler monkey skeletons (D:5)
  6 adders
  2 shadow imps
  An ooze (D:4)
  3 adder zombies (D:5)
  13 worms
  4 dart slugs
  4 leopard geckos
  18 orcs
  4 giant cockroaches
  9 goblins
  5 hobgoblins
  11 jackals
  17 kobolds
  3 quokkas
  2 ball pythons (D:1)
  7 bats
  5 frilled lizards
  A giant cockroach zombie (D:5)
  A goblin zombie (Ossuary)
  A hobgoblin zombie (Ossuary)
  A kobold zombie (Ossuary)
  A leopard gecko skeleton (D:5)
  A quokka skeleton (D:6)
  10 rats
213 creatures vanquished.

Vanquished Creatures (collateral kills)
  A phantom (D:4)
  A wyvern skeleton (D:6)
  A big kobold zombie (Ossuary)
  A mummy (Ossuary)
  A gnoll (D:6)
  An orc (D:8)
  A kobold (D:8)
7 creatures vanquished.

Vanquished Creatures (others)
  A worm (D:8)
  4 plants (D:8)
5 creatures vanquished.

Grand Total: 225 creatures vanquished

Notes
Turn   | Place    | Note
-------+----------+-------------------------------------------
     0 | D:1      | dvd the Demonspawn Necromancer began the quest for the Orb.
     0 | D:1      | Reached XP level 1. HP: 13/13 MP: 3/3
   404 | D:1      | Gained mutation: You have large cloven feet. [demonic ancestry]
   404 | D:1      | Reached XP level 2. HP: 19/19 MP: 3/5
  1056 | D:1      | Reached skill level 5 in Necromancy
  1133 | D:1      | Gained mutation: You have hoof-like feet. [demonic ancestry]
  1133 | D:1      | Reached XP level 3. HP: 24/24 MP: 4/6
  2006 | D:2      | Learned a level 3 spell: Vampiric Draining
  2266 | D:2      | Gained mutation: You are partially covered in large bone plates. (SH +4) [demonic ancestry]
  2266 | D:2      | Reached XP level 4. HP: 26/30 MP: 5/7
  2391 | D:2      | Learned a level 4 spell: Animate Dead
  2620 | D:3      | Found a burning altar of Makhleb.
  2620 | D:3      | Noticed a balrug
  2623 | D:3      | Noticed a neqoxec
  2623 | D:3      | Noticed a ynoxinul
  2764 | D:3      | Noticed an ogre
  2773 | D:3      | Killed an ogre
  2773 | D:3      | Reached skill level 1 in Short Blades
  2773 | D:3      | Reached XP level 5. HP: 34/36 MP: 5/9
  3042 | D:4      | Noticed a phantom
  3073 | D:4      | Killed a phantom
  3073 | D:4      | Reached skill level 1 in Fighting
  3073 | D:4      | Reached skill level 6 in Necromancy
  3073 | D:4      | Reached XP level 6. HP: 30/43 MP: 1/11
  3204 | D:4      | Learned a level 3 spell: Regeneration
  3321 | D:4      | Found Fodo's Food Emporium.
  3377 | D:4      | Reached XP level 7. HP: 37/48 MP: 13/13
  3671 | D:4      | Found a shadowy altar of Dithmenos.
  3736 | D:5      | Entered Level 5 of the Dungeon
  3990 | D:5      | Found a glowing silver altar of Zin.
  4002 | D:5      | Found a shattered altar of Ashenzari.
  4144 | D:5      | Reached skill level 7 in Necromancy
  4158 | D:5      | Found a white marble altar of Elyvilon.
  4165 | D:5      | Found a sacrificial altar of Ru.
  4172 | D:5      | Found a hide-covered altar of Uskayaw.
  4231 | D:5      | Reached skill level 5 in Spellcasting
  4247 | D:5      | Reached XP level 8. HP: 25/56 MP: 11/15
  4343 | D:5      | Learned a level 4 spell: Control Undead
  5321 | D:6      | Found a staircase to the Ecumenical Temple.
  5330 | Temple   | Entered the Ecumenical Temple
  5341 | Temple   | Became a worshipper of Kikubaaqudgha
  5499 | D:6      | Gained mutation: You have hooves in place of feet. [demonic ancestry]
  5499 | D:6      | Reached XP level 9. HP: 44/64 MP: 18/18
  6062 | D:6      | Learned a level 3 spell: Call Canine Familiar
  6152 | D:7      | Got a bloodstained ring mail
  6163 | D:7      | Identified the +3 ring mail of the Lizard {Int+2} (You found it on level 7 of the Dungeon)
  6173 | D:7      | Reached skill level 8 in Necromancy
  6226 | D:7      | Found a sand-covered staircase.
  6288 | Ossuary  | Entered an ossuary
  6291 | Ossuary  | Noticed Stil's ghost (amateur SpVM)
  6296 | Ossuary  | Killed Stil's ghost
  6689 | D:7      | Reached * piety under Kikubaaqudgha
  6689 | D:7      | Identified Kikubaaqudgha's Reference Book on Sinister Rituals (Kikubaaqudgha gifted it to you on level 7 of the Dungeon)
  6689 | D:7      | Received a gift from Kikubaaqudgha
  7094 | D:7      | Reached skill level 5 in Short Blades
  7371 | D:8      | Got a scorched bronze ring
  7373 | D:8      | Identified the ring "Qeog" {-Tele MR+ Dex+8 Slay+5 Stlth+} (You found it on level 8 of the Dungeon)
  7446 | D:8      | Reached skill level 1 in Armour
  7513 | D:8      | Reached ** piety under Kikubaaqudgha
  7517 | D:8      | Reached skill level 9 in Necromancy
  7769 | D:8      | Reached skill level 1 in Charms
  7934 | D:8      | Slain by a swamp worm

Skill      XL: |  1  2  3  4  5  6  7  8  9 |
---------------+----------------------------+-----
Stealth        | 2 |  2.9
Necromancy     | 5 6 7 9 |  9.2
Dodging        | 2 3 4 |  4.3
Short Blades   | 1 2 3 4 5 |  5.5
Spellcasting   | 3 4 5 6 7 |  7.4
Fighting       | 1 2 3 4 |  4.0
Armour         | 1 |  1.6
Charms         | 1 |  1.0
Long Blades    | |  0.1
Evocations     | |  0.2

Action                   |  1- 3 |  4- 6 |  7- 9 || total
-------------------------+-------+-------+-------++-------
Melee: Short sword       |    39 |    92 |   324 ||   455
       Unarmed           |     1 |       |       ||     1
       Kick              |     7 |    18 |    85 ||   110
       Falchion          |       |       |    52 ||    52
 Cast: Pain              |    70 |    23 |    37 ||   130
       Vampiric Draining |     1 |     3 |    38 ||    42
       Animate Dead      |       |     3 |    11 ||    14
       Regeneration      |       |     2 |     3 ||     5
       Control Undead    |       |       |     8 ||     8
Evoke: Rod               |       |       |     2 ||     2
  Use: Scroll            |       |       |    13 ||    13
       Potion            |       |       |     2 ||     2
 Stab: Sleeping          |     1 |     2 |     1 ||     4
  Eat: Chunk             |     5 |    13 |    31 ||    49
Armor: Robe              |    14 |    20 |    48 ||    82
       Ring mail         |       |       |    42 ||    42
Dodge: Dodged            |    31 |    53 |   238 ||   322
Block: Other             |       |    18 |    73 ||    91
       Rpst.: Falchion   |       |       |     3 ||     3
